 Dungeon Crawl Stone Soup version 0.31-a0-174-g85c54bcb58 (webtiles) character file.

Game seed: 12626138671854448068

77 qw the Shooter (level 4, 0/40 HPs)
             Began as a Naga Hunter on June 15, 2023.
             Killed from afar by Ijyb (22 damage)
             ... with a bolt of light
             ... on level 3 of the Dungeon.
             The game lasted 00:00:37 (1551 turns).

qw the Shooter (Naga Hunter)                        Turns: 1551, Time: 00:00:38

Health: 0/40       AC: 10    Str: 13    XL:     4   Next: 34%
Magic:  4/4        EV:  9    Int: 10    God:
Gold:   201        SH:  0    Dex: 16    Spells: 3/3 levels left

rFire   . . .        Y - +0 shortbow
rCold   . . .        (shield currently unavailable)
rNeg    . . .        c - +0 leather armour
rPois   +            (no helmet)
rElec   .            e - +1 cloak
rCorr   .            f - +1 pair of gloves
SInv    +            (no barding)
Will    .....        (no amulet)
Stlth   +            g - +4 ring of protection
HPRegen 0.26/turn    (no ring)
MPRegen 0.09/turn

%: no passive effects
@: confused, short of breath, very slow
A: AC +1, large, see invisible, deformed body, poison resistance, slowness 2,
spit poison 1, naga tail 1
a: Spit Poison


You were on level 3 of the Dungeon.
You visited 1 branch of the dungeon, and saw 3 of its levels.

You collected 201 gold pieces.


Innate Abilities, Weirdness & Mutations

Your serpentine skin is tough. (AC +1)
You have supernaturally acute eyesight. (SInv)
Armour fits poorly on your strangely shaped body.
Your system is resistant to poisons. (rPois)
You cover ground very slowly.
You can spit poison.
You have a snake-like lower body.


   Skills:
 + Level 2.5 Fighting
 - Level 5.0 Ranged Weapons
 - Level 1.5 Dodging
 - Level 1.5 Stealth


You had 3 spell levels left.
You didn't know any spells.
Your spell library was empty.

Inventory:

Hand Weapons
 Y - a +0 shortbow (weapon)
Armour
 c - a +0 leather armour (worn)
 e - a +1 cloak (worn)
 f - a +1 pair of gloves (worn)
Jewellery
 g - a +4 ring of protection (left hand)
Potions
 a - a potion of lignification {unknown}
 b - a potion of resistance {unknown}
 d - a potion of magic {unknown}
 h - a potion of mutation {unknown}
 j - a potion of haste

Dungeon Overview and Level Annotations

Branches:
Dungeon (3/15)

Altars:

Annotations:
D:3 Ijyb


Message History

You now have 201 gold pieces (gained 19).
a - a sedimented emerald potion
There is a stone staircase leading down here.
Found an escape hatch in the ceiling.
Found an escape hatch in the floor.
Ijyb and a goblin come into view.
Ijyb is wielding a +0 dagger of venom and carrying a wand of light (4).
You shoot an arrow. The arrow hits Ijyb.
Ijyb shouts!
Ijyb is lightly wounded.
You hear a shout!
You shoot an arrow. The arrow completely misses Ijyb.
The goblin shouts!
You hear a shout! x2
The goblin unwields a +0 dagger.
The goblin wields a +0 sling.
The goblin shoots a sling bullet.
The sling bullet closely misses you.
1545 ||| INVOKING Spit Poison.
Aiming: Spit Poison (1% risk of failure)
Press: ? - help, Shift-Dir - straight line, f/p - Ijyb The splash of poison hits Ijyb.
Ijyb is poisoned.
Ijyb is moderately wounded.
You shoot an arrow. The arrow barely misses Ijyb.
Ijyb zaps a wand.
The bolt of light hits you!!
You are confused.
The goblin shoots a sling bullet.
The sling bullet hits you but does no damage.
Ijyb zaps a wand.
The bolt of light misses you.
You feel less confused.
You have got your breath back.
1550 ||| INVOKING Spit Poison.
Aiming: Spit Poison (1% risk of failure)
Press: ? - help, Shift-Dir - straight line, f/p - Ijyb The splash of poison misses Ijyb.
The goblin shoots a sling bullet.
The sling bullet closely misses you.
You shoot an arrow. The arrow hits Ijyb.
Ijyb is severely wounded.
Ijyb looks more healthy.
Ijyb zaps a wand.
The bolt of light hits you!!
You are confused.
Ouch! That really hurt!
You die...

........# #....#
.##.#.....######....#
....................#
....###.#>#######...#
#$... #.#.### #..)#
#....##.#...# #...#
.....#.....# #...#
#.<.....# #...#
#..@#...# #####
.......g........
..........######
...$g.....#
...........
............
..>..#..#.###
....#..##.#


You could see Ijyb and a goblin.

Vanquished Creatures
  2 adders
  A worm (D:3)
  5 bats
  7 endoplasms
  4 giant cockroaches
  3 goblins
  5 hobgoblins
  4 jackals (D:2)
  2 quokkas (D:1)
  5 ball pythons
  2 frilled lizards (D:2)
  3 kobolds (D:1)
  9 rats
52 creatures vanquished.

Notes
Turn   | Place    | Note
-------+----------+-------------------------------------------
     0 | D:1      | qw the Naga Hunter began the quest for the Orb.
     0 | D:1      | Reached XP level 1. HP: 19/19 MP: 1/1
     0 | D:1      | 0 ||| qw: Version: 0.2-a-29-g511e9b1
     0 | D:1      | 0 ||| qw: Game counter: 5429
     0 | D:1      | 0 ||| qw: Always use a shield: true
     0 | D:1      | 0 ||| qw: God list: Okawaru
     0 | D:1      | 0 ||| qw: Allow faded altars: false
     0 | D:1      | 0 ||| qw: Do Orc after D:15 true
     0 | D:1      | 0 ||| qw: Do second Lair branch before Depths: true
     0 | D:1      | 0 ||| qw: Lair rune preference: random
     0 | D:1      | 0 ||| qw: Plans: Normal
     0 | D:1      | 0 ||| PLANNING D:1-11
    64 | D:1      | 64 ||| INVOKING Spit Poison.
   127 | D:1      | 127 ||| INVOKING Spit Poison.
   144 | D:1      | Reached skill level 4 in Ranged Weapons
   144 | D:1      | Reached XP level 2. HP: 26/26 MP: 2/2
   144 | D:1      | 144 ||| INVOKING Spit Poison.
   151 | D:1      | 151 ||| INVOKING Spit Poison.
   156 | D:1      | 156 ||| INVOKING Spit Poison.
   190 | D:1      | 190 ||| INVOKING Spit Poison.
   201 | D:1      | 201 ||| INVOKING Spit Poison.
   213 | D:1      | 213 ||| INVOKING Spit Poison.
   270 | D:1      | 270 ||| INVOKING Spit Poison.
   276 | D:1      | 276 ||| INVOKING Spit Poison.
   302 | D:1      | 302 ||| INVOKING Spit Poison.
   319 | D:1      | 319 ||| INVOKING Spit Poison.
   388 | D:1      | 388 ||| INVOKING Spit Poison.
   393 | D:1      | Found a faded altar of an unknown god.
   555 | D:1      | 555 ||| INVOKING Spit Poison.
   854 | D:1      | 854 ||| INVOKING Spit Poison.
   855 | D:1      | Reached XP level 3. HP: 32/32 MP: 3/3
   917 | D:1      | 917 ||| UPGRADING to +1 cloak.
   922 | D:1      | 922 ||| UPGRADING to +1 pair of gloves.
   927 | D:1      | 927 ||| UPGRADING to +4 ring of protection.
   928 | D:1      | 928 ||| DROPPING scroll of butterflies.
   993 | D:2      | 993 ||| INVOKING Spit Poison.
  1052 | D:2      | 1052 ||| INVOKING Spit Poison.
  1053 | D:2      | 1053 ||| INVOKING Spit Poison.
  1056 | D:2      | 1056 ||| INVOKING Spit Poison.
  1061 | D:2      | 1061 ||| INVOKING Spit Poison.
  1102 | D:2      | 1102 ||| INVOKING Spit Poison.
  1125 | D:2      | 1125 ||| INVOKING Spit Poison.
  1132 | D:2      | 1132 ||| INVOKING Spit Poison.
  1133 | D:2      | 1133 ||| INVOKING Spit Poison.
  1160 | D:2      | 1160 ||| INVOKING Spit Poison.
  1167 | D:2      | 1167 ||| INVOKING Spit Poison.
  1170 | D:2      | 1170 ||| INVOKING Spit Poison.
  1171 | D:2      | 1171 ||| INVOKING Spit Poison.
  1188 | D:2      | 1188 ||| INVOKING Spit Poison.
  1213 | D:2      | 1213 ||| INVOKING Spit Poison.
  1220 | D:2      | 1220 ||| INVOKING Spit Poison.
  1306 | D:2      | 1306 ||| INVOKING Spit Poison.
  1307 | D:2      | Reached skill level 5 in Ranged Weapons
  1320 | D:2      | 1320 ||| INVOKING Spit Poison.
  1321 | D:2      | Reached XP level 4. HP: 39/39 MP: 4/4
  1449 | D:2      | 1449 ||| READING scroll labelled PUL QERRADIY.
  1450 | D:2      | 1450 ||| READING scroll labelled RAXZYNKEESO.
  1451 | D:2      | 1451 ||| DRINKING 2 emerald potions.
  1462 | D:3      | 1462 ||| INVOKING Spit Poison.
  1466 | D:3      | 1466 ||| INVOKING Spit Poison.
  1472 | D:3      | 1472 ||| INVOKING Spit Poison.
  1478 | D:3      | 1478 ||| INVOKING Spit Poison.
  1542 | D:3      | Noticed Ijyb
  1545 | D:3      | 1545 ||| INVOKING Spit Poison.
  1550 | D:3      | 1550 ||| INVOKING Spit Poison.
  1551 | D:3      | Killed from afar by Ijyb

Levels and vault maps discovered:
D:1:      dpeg_arrival_refuge, layout_basic, chequers_ecumenical_altar_island,
          minivault_23, chequers_serial_rivers_room_a
D:2:      layout_rooms, dk_noncrumbling_3, st_stairs_1
D:3:      minmay_bubble_buster, layout_rooms, minmay_cut_off, uniq_ijyb,
          uniq_jessica, uniq_grinder

Skill      XL: |  1  2  3 |
---------------+----------+-----
Ranged Weapons | 4 5 |  5.0
Fighting       | |  2.5
Dodging        | |  1.5
Stealth        | |  1.5

Action                     |  1- 3 |  4- 6 || total
---------------------------+-------+-------++-------
   Fire: Shortbow          |    67 |    26 ||    93
Ability: Spit Poison       |    30 |     6 ||    36
    Use: Scroll            |       |     2 ||     2
         Potion            |       |     1 ||     1
 Armour: Leather armour    |    25 |     5 ||    30
  Dodge: Dodged            |    17 |     4 ||    21

Table legend:
 A = Non-vault XP
 B = Vault XP
 C = Vault XP percentage of total XP
 D = Non-vault monster count
 E = Vault monster count
 F = Vault count percentage of total count
                 A         B        C        D         E       F
            +---------+---------+-------+---------+---------+-------
      Total |     107 |       4 |   3.6 |      50 |       2 |   3.8
            +---------+---------+-------+---------+---------+-------
        D:1 |      34 |       0 |   0.0 |      22 |       0 |   0.0
        D:2 |      47 |       4 |   7.8 |      22 |       2 |   8.3
        D:3 |      26 |       0 |   0.0 |       6 |       0 |   0.0
            +---------+---------+-------+---------+---------+-------
